 Dungeon Crawl Stone Soup version 0.25-a0-294-gea9b1ad378 (webtiles) character file.

Game seed: 15817856658728956201, levelgen mode: deterministic

749 night the Firebug (level 7, -11/46 HPs)
             Began as a Demonspawn Fire Elementalist on Dec 17, 2019.
             Mangled by an ogre
             ... wielding a +0 giant club
              (17 damage)
             ... on level 5 of the Dungeon.
             The game lasted 00:09:18 (4292 turns).

night the Firebug (Demonspawn Fire Elementalist)    Turns: 4292, Time: 00:09:19

Health: -11/46     AC:  6    Str:  9    XL:     7   Next: 48%
Magic:  14/14      EV: 11    Int: 18    God:
Gold:   167        SH:  0    Dex: 13    Spells: 5/15 levels left

rFire    + . .     SeeInvis .   s - +6 hand axe of the Past {chop, Fragile rElec rF+ Stlth+}
rCold    + . .     Gourm    .   (no shield)
rNeg     . . .     Faith    .   i - +0 leather armour {rC+}
rPois    .         Spirit   .   h - +0 helmet
rElec    +         Reflect  .   r - +0 cloak
rCorr    .         Harm     .   v - +0 pair of gloves
MR       .....                  (no boots)
Stlth    +++.......             p - amulet of inaccuracy (curse)
HPRegen  0.15/turn              l - -2 ring of protection (curse)
MPRegen  0.14/turn              (no ring)

@: no status effects
A: talons 2, thin metallic scales 1, spiny 2
a: no special abilities


You were on level 5 of the Dungeon.
You were not hungry.

You visited 1 branch of the dungeon, and saw 5 of its levels.

You collected 167 gold pieces.

Inventory:

Hand Weapons
 g - a +0 short sword
 s - the +6 hand axe of the Past (weapon) {chop, Fragile rElec rF+ Stlth+}
   (You found it on level 4 of the Dungeon)

   It inflicts extra damage upon your enemies.
   It protects you from fire.
   It insulates you from electricity.
   It will be destroyed if unequipped.
   It makes you more stealthy.
 t - a +0 shortbow
Missiles
 b - 126 stones
 o - 3 poisoned darts (quivered)
 q - 66 arrows
Armour
 h - a +0 helmet (worn)
 i - a +0 leather armour of cold resistance (worn)
 r - a +0 cloak (worn)
 v - a +0 pair of gloves (worn)
Jewellery
 l - a cursed -2 ring of protection (left hand)
 p - a cursed amulet of inaccuracy (around neck)
Wands
 m - a wand of acid (8)
Scrolls
 a - a scroll of teleportation
 d - 2 scrolls of identify
Potions
 e - a potion of cancellation
 f - 2 potions of degeneration {unknown}
 j - a potion of berserk rage {unknown}
 k - a potion of haste {unknown}
 n - a potion of flight {unknown}
Comestibles
 c - 3 rations
 u - a chunk of flesh


   Skills:
 - Level 1.7 Dodging
 - Level 1.7 Stealth
 + Level 4.8 Spellcasting
 + Level 4.7 Conjurations
 + Level 5.1 Fire Magic


You had 5 spell levels left.
You knew the following spells:

 Your Spells              Type           Power        Failure   Level  Hunger
a - Foxfire               Conj/Fire      ###.         2%          1    None
b - Sticky Flame          Conj/Fire      ###.....     26%         4    ####...
c - Fireball              Conj/Fire      ###.......   56%         5    ######.

Your spell library contained the following spells:

 Spells                   Type           Power        Failure   Level  Hunger
 Conjure Flame            Conj/Fire      ###.....     8%          3    ###....
 Inner Flame              Hex/Fire       ##......     21%         3    ###....


Dungeon Overview and Level Annotations

Branches:
Dungeon (5/15)
 Temple: D:4-7

Altars:
Dithmenos
Nemelex Xobeh
Zin

Shops:
D:5 (


Innate Abilities, Weirdness & Mutations

You have razor-sharp toenails.
You are partially covered in thin metallic scales. (AC +2)
You are mostly covered in sharp spines.


Message History

You closely miss the ogre. You barely miss the ice beast. The hound bites you.
The ogre hits you with a +0 giant club!
* * * LOW HITPOINT WARNING * * *
The ice beast hits you.
* * * LOW HITPOINT WARNING * * *
The ice beast freezes you. You resist.
* * * LOW HITPOINT WARNING * * *
The hound completely misses you.
A jelly comes into view.
The jelly quivers.
You closely miss the ogre. You claw the ogre, but do no damage.
The ogre is moderately wounded.
The ogre is struck by your spines. The ogre barely misses you.
You closely miss the ogre.
The ogre is severely wounded.
The ogre barely misses you.
You closely miss the ogre. You claw the ogre.
The ogre is severely wounded.
The ogre is struck by your spines. The ogre hits you with a +0 giant club!
You die...

.. . .......
##.#......#
#....#...J#
#....†h...# #h##.#
#Y#..# # #....#
#.#####..#.#
#..@OYh..#...
..#####..#.#...#
.............#.#.#
.........#.#.#.#.#
########.#.....#.###
##.###.##.....
#..........####
##########........#
..................#


You could see an ice beast, an ogre and a hound.

Vanquished Creatures
  A phantom (D:4)
  A centaur (D:5)
  2 ogres (D:4)
  A water moccasin zombie (D:3)
  A scorpion (D:4)
  A jelly (D:5)
  A bullfrog skeleton (D:4)
  An iguana (D:4)
  Natasha (thrice) (D:2)
  2 worker ants
  A hound skeleton (D:5)
  2 adders
  An ooze (D:1)
  An adder skeleton (D:4)
  A worm (D:2)
  A dart slug (D:1)
  4 leopard geckos
  4 bats
  5 giant cockroaches
  4 goblins
  7 hobgoblins
  6 jackals
  2 quokkas (D:3)
  A ball python (D:2)
  12 frilled lizards
  11 kobolds
  A quokka zombie (D:5)
  6 rats
84 creatures vanquished.

Vanquished Creatures (others)
  215 foxfires
215 creatures vanquished.

Grand Total: 299 creatures vanquished

Notes
Turn   | Place    | Note
-------+----------+-------------------------------------------
     0 | D:1      | night the Demonspawn Fire Elementalist began the quest for
                  | the Orb.
     0 | D:1      | Reached XP level 1. HP: 13/13 MP: 3/3
   336 | D:1      | Gained mutation: You are partially covered in thin metallic
                  | scales. (AC +2) [demonic ancestry]
   336 | D:1      | Reached XP level 2. HP: 19/19 MP: 3/5
   795 | D:1      | Reached skill level 3 in Fire Magic
  1202 | D:1      | Reached XP level 3. HP: 24/24 MP: 4/6
  1349 | D:2      | Noticed Natasha
  1354 | D:2      | Killed Natasha
  1556 | D:2      | Noticed Natasha
  1565 | D:2      | Killed Natasha
  1565 | D:2      | Gained mutation: You have sharp toenails. [demonic
                  | ancestry]
  1565 | D:2      | Reached XP level 4. HP: 17/30 MP: 3/8
  1914 | D:2      | Noticed Natasha
  1921 | D:2      | Killed Natasha
  2324 | D:3      | Gained mutation: You are partially covered in sharp spines.
                  | [demonic ancestry]
  2324 | D:3      | Reached XP level 5. HP: 32/35 MP: 5/9
  2432 | D:3      | Learned a level 4 spell: Sticky Flame
  2438 | D:3      | Learned a level 5 spell: Fireball
  2821 | D:3      | Reached skill level 4 in Fire Magic
  2938 | D:4      | Noticed an ogre
  2951 | D:4      | Killed an ogre
  2951 | D:4      | Gained mutation: You are mostly covered in sharp spines.
                  | [demonic ancestry]
  2951 | D:4      | Reached XP level 6. HP: 41/41 MP: 7/11
  3555 | D:4      | Gained mutation: You have razor-sharp toenails. [demonic
                  | ancestry]
  3555 | D:4      | Reached XP level 7. HP: 46/46 MP: 8/13
  3682 | D:4      | Got an ivory hand axe
  3683 | D:4      | Identified the +6 hand axe of the Past {chop, Fragile rElec
                  | rF+ Stlth+} (You found it on level 4 of the Dungeon)
  3731 | D:4      | Found a sparkling altar of Nemelex Xobeh.
  4033 | D:5      | Entered Level 5 of the Dungeon
  4033 | D:5      | Found a glowing silver altar of Zin.
  4110 | D:5      | Found a shadowy altar of Dithmenos.
  4113 | D:5      | Found Baczopp's Weapon Boutique.
  4118 | D:5      | Reached skill level 5 in Fire Magic
  4292 | D:5      | Mangled by an ogre

Levels and vault maps discovered:
D:1:      minmay_arrival_doors, layout_basic, minmay_lizard_king
D:2:      layout_basic, uniq_natasha
D:3:      layout_rooms
D:4:      layout_gridville, nemelex_xobeh_ov_fountains_minmay, first_ration,
          bh_walls_and_bars
D:5:      layout_basic, gammafunk_temple_overflow_forgotten, marbit_many_paths,
          serial_shops, nicolae_shop_trees

Skill      XL: |  1  2  3  4  5  6  7 |
---------------+----------------------+-----
Fire Magic     | 3 4 5 |  5.1
Conjurations   | 2 3 4 |  4.7
Spellcasting   | 3 4 |  4.8
Dodging        | |  1.7
Stealth        | |  1.7

Action                   |  1- 3 |  4- 6 |  7- 9 || total
-------------------------+-------+-------+-------++-------
Melee: Short sword       |    13 |     4 |     1 ||    18
       Kick              |       |     1 |     5 ||     6
       Hand axe          |       |       |    20 ||    20
Throw: Dart              |       |     1 |       ||     1
 Cast: Foxfire           |    49 |    75 |     4 ||   128
  Use: Scroll            |     3 |     2 |       ||     5
 Stab: Sleeping          |       |       |     2 ||     2
  Eat: Chunk             |     2 |     6 |     3 ||    11
Armor: Robe              |    10 |     1 |       ||    11
       Leather armour    |       |     7 |     7 ||    14
Dodge: Dodged            |    21 |    20 |    17 ||    58

Table legend:
 A = Non-vault XP
 B = Vault XP
 C = Vault XP percentage of total XP
 D = Non-vault monster count
 E = Vault monster count
 F = Vault count percentage of total count
                 A         B        C        D         E       F
            +---------+---------+-------+---------+---------+-------
      Total |    1027 |      44 |   4.1 |      76 |       8 |   9.5
            +---------+---------+-------+---------+---------+-------
        D:1 |      41 |       9 |  18.0 |      23 |       7 |  23.3
        D:2 |      94 |      35 |  27.1 |      10 |       1 |   9.1
        D:3 |     138 |       0 |   0.0 |      25 |       0 |   0.0
        D:4 |     535 |       0 |   0.0 |      10 |       0 |   0.0
        D:5 |     219 |       0 |   0.0 |       8 |       0 |   0.0
            +---------+---------+-------+---------+---------+-------
